 Dungeon Crawl Stone Soup version 0.16.1-12-gf5c4a84 (webtiles) character file.

158 jacksonaction the Poker (level 5, -5/38 HPs)
             Began as a Demonspawn Gladiator on Apr 9, 2015.
             Killed from afar by an orc wizard (9 damage)
             ... with a puff of frost
             ... on level 3 of the Dungeon.
             The game lasted 00:14:26 (2578 turns).

jacksonaction the Poker (Demonspawn Gladiator)      Turns: 2578, Time: 00:14:26

Health: -5/38      AC:  4    Str: 15    XL:     5   Next: 16%
Magic:  5/5        EV: 12    Int:  9    God:
Gold:   72         SH:  0    Dex: 15    Spells: 0 memorised, 4 levels left

rFire  . . .     SeeInvis .     a - +0 trident
rCold  . . .     Clarity  .     b - +0 leather armour
rNeg   . . .     SustAb   .     (no shield)
rPois  .         Gourm    .     c - +0 helmet
rElec  .         Spirit   .     (no cloak)
rCorr  .         Warding  .     (no gloves)
rMut   .         Stasis   .     (no boots)
MR     .....                    (no amulet)
Stlth  +.........               (no ring)
                                (no ring)

@: not resistant to hostile enchantments, very unstealthy
A: demonic guardian 1, rot immunity
a: no special abilities


You were on level 3 of the Dungeon.
You were near starving.

You visited 1 branch of the dungeon, and saw 3 of its levels.

You collected 72 gold pieces.

Inventory:

Hand weapons
 a - a +0 trident (weapon)
Missiles
 d - 4 throwing nets
 g - 44 stones (quivered)
 D - 14 poisoned needles
Armour
 b - a +0 leather armour (worn)
 c - a +0 helmet (worn)
 h - a +0 cloak
Scrolls
 i - 2 scrolls of identify {unknown}
 j - a scroll of magic mapping {unknown}
 p - a scroll of enchant weapon {unknown}
 s - a scroll of random uselessness {unknown}
 u - a scroll of blinking {unknown}
 w - a scroll of noise {unknown}
 A - 2 scrolls of remove curse {unknown}
Potions
 e - a potion of heal wounds
 q - a potion of magic {unknown}
Comestibles
 f - a bread ration
 k - 3 beef jerkies
 B - a fruit
 F - 2 slices of pizza


   Skills:
 - Level 2.0 Fighting
 + Level 5.3 Polearms
 - Level 1.7 Throwing
 - Level 2.6 Dodging


You had 4 spell levels left.
You didn't know any spells.

Dungeon Overview and Level Annotations

Branches:
Dungeon (3/15)

Altars:
Dithmenos
Elyvilon
Trog

Annotations:
D:2 Terence


Innate Abilities, Weirdness & Mutations

A weak demonic guardian rushes to your aid.
You are immune to rotting.


Message History

You completely miss the orc wizard.
The orc wizard is almost dead.
The orc barely misses you. The orc wizard hits you with a dagger.
You hit the orc wizard but do no damage.
The orc wizard is almost dead.
The orc wizard hits you with a dagger. The orc hits you but does no damage.
The orc wizard gestures wildly while chanting.
The orc wizard flickers and vanishes!
Deactivating autopickup; reactivate with Ctrl-A.
You hear some strange, mumbled words.
A puff of flame appears from out of thin air!
The puff of flame hits you!
* * * LOW HITPOINT WARNING * * *
Something hits you but does no damage. The puff of flame hits you!
* * * LOW HITPOINT WARNING * * *
You are near starving!
You hear some strange, mumbled words.
The puff of frost hits you!
You die...

#..(.l. .# #.....# #.##.....
#.#....## # ####...(..##.#
#....o.(K....# # ##......##.# .
#.#......###.########## #..
#.......## #....@.....# #).
#.#...### #..####....# #.#
#.##...#####..###.....# #.#
#......(..##..##......# #.#
##.......(##(.##......########.#
#........)(oo##o#.............#
#........###.##.####.####.....##
###.<.##.##....o.# #.# #.###...
#........##..##..# #.# #.# #.##


There were no monsters in sight!

Vanquished Creatures
  4 gnolls (D:2)
  6 adders
  3 worms (D:2)
  2 giant geckos
  2 orcs
  2 ball pythons
  3 bats
  A giant cockroach (D:2)
  6 goblins
  4 hobgoblins
  2 quokkas
  6 giant newts
  8 kobolds
  3 rats
52 creatures vanquished.

Vanquished Creatures (others)
  An iron imp (D:3)
  A white imp (D:3)
2 creatures vanquished.

Grand Total: 54 creatures vanquished

Notes
Turn   | Place    | Note
--------------------------------------------------------------
     0 | D:1      | jacksonaction, the Demonspawn Gladiator, began the quest for the Orb.
     0 | D:1      | Reached XP level 1. HP: 16/16 MP: 1/1
   106 | D:1      | Reached skill level 3 in Polearms
   270 | D:1      | Gained mutation: You are immune to rotting. [demonic ancestry]
   270 | D:1      | Reached XP level 2. HP: 16/22 MP: 2/2
   900 | D:2      | Found a white marble altar of Elyvilon.
   981 | D:2      | Found a shadowy altar of Dithmenos.
  1008 | D:2      | Reached XP level 3. HP: 14/27 MP: 3/3
  1264 | D:2      | Reached skill level 4 in Polearms
  1504 | D:2      | Found a bloodstained altar of Trog.
  1543 | D:2      | Gained mutation: A weak demonic guardian rushes to your aid. [demonic ancestry]
  1543 | D:2      | Reached XP level 4. HP: 28/33 MP: 4/4
  1788 | D:2      | Reached skill level 5 in Polearms
  2009 | D:3      | Noticed Terence
  2275 | D:3      | Reached XP level 5. HP: 12/38 MP: 5/5
  2578 | D:3      | Killed from afar by an orc wizard

Action                   |  1- 3 |  4- 6 || total
-------------------------+-------+-------++-------
Melee: Trident           |   128 |   104 ||   232
Throw: Stone             |    24 |    23 ||    47
  Use: Potion            |       |     1 ||     1
  Eat: Chunk             |     2 |     2 ||     4
